 Dungeon Crawl Stone Soup version 0.31-a0-523-g071a6c1ffa (webtiles) character file.

Game seed: 7279331963428220084

207 ytrimaz the Sneak (level 5, -1/73 HPs)
             Began as an Octopode Shapeshifter on Aug 11, 2023.
             Slain by a hobgoblin (3 damage)
             ... on level 3 of the Dungeon.
             The game lasted 00:02:38 (2188 turns).

ytrimaz the Sneak (Octopode Shapeshifter)           Turns: 2188, Time: 00:02:39

Health: -1/73      AC: 22    Str: 14    XL:     5   Next: 85%
Magic:  5/5        EV: -1    Int: 11    God:
Gold:   149        SH:  0    Dex: 14    Spells: 4/4 levels left

rFire   . .          .
                       - Unarmed
rCold   . . .        (no shield)
rNeg    . . .        (helmet currently unavailable)
rPois   +            (no amulet)
rElec   .            (no ring)
rCorr   .            (no ring)
SInv    .            (no ring)
Will    +....        (no ring) Stlth
                     (no ring)
HPRegen 0.32/turn    (no ring)
MPRegen 0.09/turn    (no ring)
                     (no ring)

%: no passive effects
@: berserking, tree-form, enlightened, constricted, slow
A: stationary, stasis, torment immunity, boosted hp, almost no armour,
(amphibious), 8 rings, (camouflage 1), (gelatinous body 1), (nimble swimmer 1),
(tentacles), sense surroundings 1, subdued magic 1
a: no special abilities


You were on level 3 of the Dungeon.
You were a tree.
You visited 1 branch of the dungeon, and saw 3 of its levels.

You collected 149 gold pieces.


Innate Abilities, Weirdness & Mutations

You are a tree.
Your roots penetrate the ground, keeping you stationary.
You cannot be teleported.
You are immune to unholy pain and torment.
Your maximum health is greatly increased.
You cannot wear most types of armour.
((You are amphibious.))
You can wear up to eight rings at the same time.
((Your skin changes colour to match your surroundings (Stealth+).))
((Your rubbery body absorbs attacks. (AC +1, EV +1)))
((You are camouflaged when in or above water. (Stealth+)))
((You have tentacles for arms and can constrict up to eight enemies at once.))
You passively map a small area around you.
Your spells are a little easier to cast, but a little less powerful.


   Skills:
 - Level 1.0 Fighting
 + Level 3.8 Dodging
 + Level 4.2 Stealth
 - Level 3.0 Unarmed Combat
 + Level 3.9 Shapeshifting


You had 4 spell levels left.
You didn't know any spells.
Your spell library contained the following spells:

 Spells                   Type           Power      Damage    Failure   Level
 Shock                    Conj/Air       0%         1d3       30%         1
 Slow                     Hex            0%         N/A       30%         1
 Confusing Touch          Hex            0%         N/A       67%         3
 Swiftness                Air            0%         N/A       67%         3
 Vampiric Draining        Necr           0%         2d6       67%         3
 Airstrike                Air            0%         2d(0-16)  97%         4

Inventory:

Hand Weapons
 m - the +5 Force Lance {heavy, knockback}
   (You found it on level 3 of the Dungeon)
Missiles
 i - 2 throwing nets
Talismans
 b - a beast talisman
 c - a flux talisman
Scrolls
 g - a scroll of enchant weapon {unknown}
 j - a scroll of teleportation
Potions
 d - a potion of mutation
 h - a potion of heal wounds {unknown}
 k - a potion of degeneration {unknown}
 l - a potion of attraction {unknown}
 n - a potion of might {unknown}

Dungeon Overview and Level Annotations

Branches:
Dungeon (3/15) Zot: 15816

Altars:
Qazlal
Uskayaw

Portals:
Sewer: D:3

Annotations:
D:3 1 runed translucent door, Crazy Yiuf

#~≈≈ #......###.... , *
~~≈≈~ #......###......
~≈≈~~###...............
~≈≈~88........######...
..............#∩~~~~...
*
.........######~~~~....
≈≈~~88..#####.#B~~~..#
*
≈≈~###........#B†~...#
≈≈ #........#♣S....## *
#........rgB......
...........#.....<..
#....##...###.......# *
#.... ##''# #.......+ ~
#.... #≈..≈ #.......# *
#...##≈≈.r≈≈##......# ,
#≈≈♣♣.♣≈~ ......# +..
.⌠. .......


You could see 3 giant cockroaches, a hobgoblin, a ball python and a rat.


Message History

The ball python constricts you.
* * * LOW HITPOINT WARNING * * *
The rat bites you but does no damage. The river rat bites you.
* * * LOW HITPOINT WARNING * * *
The hobgoblin hits you but does no damage.
The ball python bites you but does no damage.
The ball python constricts you.
* * * LOW HITPOINT WARNING * * *
You hit the hobgoblin.
The hobgoblin hits you but does no damage.
The river rat bites you.
* * * LOW HITPOINT WARNING * * *
The rat bites you but does no damage.
The ball python bites you but does no damage.
The ball python constricts you. 😱 HP[-11]
You take 11 damage, and now have 7/49 hp.
MASSIVE DAMAGE!! (PAUSE)
You barely miss the river rat. The rat bites you but does no damage.
The giant cockroach splashes around in the water.
The river rat bites you.
* * * LOW HITPOINT WARNING * * *
The hobgoblin hits you but does no damage.
The ball python bites you but does no damage.
The ball python constricts you. 😱 HP[-1]
You take 1 damage, and now have 6/49 hp.
You barely miss the river rat.
The giant cockroach splashes around in the water.
The rat bites you.
* * * LOW HITPOINT WARNING * * *
The river rat bites you but does no damage.
The hobgoblin hits you but does no damage.
The ball python bites you.
* * * LOW HITPOINT WARNING * * *
The ball python constricts you.
Unknown command. 😱 HP[-2]
You take 2 damage, and now have 4/49 hp.
You hit the river rat but do no damage.
The giant cockroach bites you but does no damage.
The ball python bites you.
* * * LOW HITPOINT WARNING * * *
The ball python constricts you. The rat bites you but does no damage.
The river rat bites you but does no damage.
The hobgoblin hits you but does no damage. 😱 HP[-1]
You take 1 damage, and now have 3/49 hp.
It was a potion of mutation.
You feel extremely strange.
Your connection to magic feels subdued.
You feel a strange attunement to the structure of the dungeons.
The giant cockroach bites you but does no damage.
The ball python bites you but does no damage.
The ball python constricts you. The rat bites you but does no damage.
The river rat bites you but does no damage.
The hobgoblin hits you but does no damage.
The giant cockroach bites you but does no damage.
It was a potion of enlightenment.
Your roots keep you in place.
The ball python bites you but does no damage.
The ball python constricts you. The rat bites you but does no damage.
The river rat bites you but does no damage.
The hobgoblin hits you but does no damage.
The giant cockroach splashes around in the water.
The ball python bites you but does no damage.
The ball python constricts you.
* * * LOW HITPOINT WARNING * * *
It was a potion of berserk rage.
A red film seems to cover your vision as you go berserk!
You feel yourself moving faster!
You feel mighty!
The giant cockroach bites you but does no damage.
The rat bites you but does no damage.
The river rat bites you but does no damage.
The hobgoblin hits you but does no damage.
The giant cockroach splashes around in the water.
The ball python bites you but does no damage.
The ball python constricts you. 😱 HP[+1]
You now have 73 max hp (+24).
Unknown command.
You smack the river rat!
The giant cockroach bites you but does no damage.
The giant cockroach waves its antennae.
The giant cockroach bites you but does no damage.
The hobgoblin hits you but does no damage.
The rat bites you but does no damage. The river rat bites you.
* * * LOW HITPOINT WARNING * * *
😱 HP[-1]
You take 1 damage, and now have 3/73 hp.
You hit the river rat.
The ball python bites you but does no damage.
The ball python constricts you.
* * * LOW HITPOINT WARNING * * *
The giant cockroach bites you but does no damage.
The giant cockroach splashes around in the water. 😱 HP[-1]
You take 1 damage, and now have 2/73 hp.
You smack the river rat!
You kill the river rat!
The rat bites you but does no damage. The hobgoblin hits you.
You die...

Skill      XL: |  1  2  3  4  5 |
---------------+----------------+-----
Stealth        | 1 2 3 4 |  4.2
Dodging        | 3 |  3.8
Fighting       | |  1.0
Unarmed Combat | |  3.0
Shapeshifting  | |  3.9

Action                     |  1- 3 |  4- 6 || total
---------------------------+-------+-------++-------
  Melee: Unarmed           |    76 |    60 ||   136
         Constrict         |    23 |    14 ||    37
         Tentacles         |    13 |    10 ||    23
         Punch             |       |     2 ||     2
         Lance             |       |     8 ||     8
    Use: Scroll            |     2 |     3 ||     5
         Potion            |       |     4 ||     4
   Stab: Sleeping          |     6 |     2 ||     8
         Distracted        |     1 |     1 ||     2
 Armour: Skin              |     7 |    48 ||    55
  Dodge: Dodged            |    42 |    42 ||    84

Levels and vault maps discovered:
D:1:      dpeg_arrival_simpleton_b, layout_loops_ring,
          hellmonk_ecumenical_altar_leap_of_faith, minmay_box_of_dots
D:2:      layout_basic, minmay_ruptured
D:3:      wander_river, layout_basic, grunt_qazlal_sundering,
          general_overflow_altar, kennysheep_vampire_church,
          mainiacjoe_overflow_six_doors_small, portal_sewer_entry_b,
          kennysheep_generic_room_3, uniq_crazy_yiuf_cottage, uniq_jessica,
          uniq_grinder

Notes
Turn   | Place    | Note
-------+----------+-------------------------------------------
     0 | D:1      | ytrimaz the Octopode Shapeshifter began the quest for the
                  | Orb.
     0 | D:1      | Reached XP level 1. HP: 13/13 MP: 1/1
     0 | D:1      | magus.rc [v1.9.6]
    37 | D:1      | Reached skill level 1 in Stealth
    43 | D:1      | Reached XP level 2. HP: 12/18 MP: 2/2
   184 | D:1      | Found a faded altar of an unknown god.
   375 | D:1      | You pick up a book of Debilitation and begin reading...
   375 | D:1      | You add the spells Slow, Vampiric Draining and Confusing
                  | Touch to your library.
   411 | D:1      | Reached XP level 3. HP: 19/23 MP: 3/3
   470 | D:1      | Reached skill level 2 in Stealth
   754 | D:1      | You pick up a book of Air and begin reading...
   754 | D:1      | You add the spells Shock, Swiftness and Airstrike to your
                  | library.
  1223 | D:2      | Reached skill level 3 in Dodging
  1223 | D:2      | Reached XP level 4. HP: 15/28 MP: 4/4
  1230 | D:2      | HP: 7/28 [gnoll/+0 spear (4)]
  1232 | D:2      | Reached skill level 3 in Stealth
  1825 | D:3      | Noticed Jessica
  1829 | D:3      | Killed Jessica
  1830 | D:3      | Reached XP level 5. HP: 33/33 MP: 5/5
  1882 | D:3      | Found a stormy altar of Qazlal.
  1904 | D:3      | Found a runed translucent door.
  1905 | D:3      | Noticed Crazy Yiuf
  1931 | D:3      | Found the +5 Force Lance {heavy, knockback}
  2036 | D:3      | Found a hide-covered altar of Uskayaw.
  2054 | D:3      | HP: 8/33 [endoplasm (2)]
  2055 | D:3      | Reached skill level 4 in Stealth
  2166 | D:3      | Found a glowing drain.
  2179 | D:3      | HP: 7/49 [river rat (6)]
  2182 | D:3      | HP: 3/49 [ball python (1)]
  2183 | D:3      | Gained mutation: Your spells are a little easier to cast,
                  | but a little less powerful. [potion of mutation]
  2183 | D:3      | Gained mutation: You passively map a small area around you.
                  | [potion of mutation]
  2187 | D:3      | HP: 2/73 [constriction (1)]
  2188 | D:3      | Slain by a hobgoblin

Vanquished Creatures
  An orc priest (D:3)
  A sleepcap (D:3)
  Jessica (D:3)
  An adder (D:2)
  3 gnolls (D:2)
  2 river rats (D:3)
  A dart slug (D:3)
  4 orcs (D:3)
  10 ball pythons
  5 endoplasms
  A giant cockroach (D:1)
  A goblin (D:1)
  5 hobgoblins
  7 jackals
  9 kobolds
  4 quokkas
  4 bats
  4 frilled lizards
  4 rats
68 creatures vanquished.

Table legend:
 A = Non-vault XP
 B = Vault XP
 C = Vault XP percentage of total XP
 D = Non-vault monster count
 E = Vault monster count
 F = Vault count percentage of total count
                 A         B        C        D         E       F
            +---------+---------+-------+---------+---------+-------
      Total |     241 |      69 |  22.3 |      61 |       7 |  10.3
            +---------+---------+-------+---------+---------+-------
        D:1 |      53 |       3 |   5.4 |      30 |       2 |   6.2
        D:2 |      73 |       1 |   1.4 |      14 |       1 |   6.7
        D:3 |     115 |      65 |  36.1 |      17 |       4 |  19.0
            +---------+---------+-------+---------+---------+-------

Skill      XL: |  1  2  3  4  5 |
---------------+----------------+-----
Stealth        | 1 2 3 4 |  4.2
Dodging        | 3 |  3.8
Fighting       | |  1.0
Unarmed Combat | |  3.0
Shapeshifting  | |  3.9

Action                     |  1- 3 |  4- 6 || total
---------------------------+-------+-------++-------
  Melee: Unarmed           |    76 |    60 ||   136
         Constrict         |    23 |    14 ||    37
         Tentacles         |    13 |    10 ||    23
         Punch             |       |     2 ||     2
         Lance             |       |     8 ||     8
    Use: Scroll            |     2 |     3 ||     5
         Potion            |       |     4 ||     4
   Stab: Sleeping          |     6 |     2 ||     8
         Distracted        |     1 |     1 ||     2
 Armour: Skin              |     7 |    48 ||    55
  Dodge: Dodged            |    42 |    42 ||    84

Illustrated notes

Table legend:
 A = Kills in this place as a percentage of kills in the entire game.
 B = Kills by you in this place as a percentage of kills by you in the entire game.
 C = Kills by friends in this place as a percentage of kills by friends in the entire game.
 D = Other kills in this place as a percentage of other kills in the entire game.
 E = Experience gained in this place as a percentage of experience gained in the entire game.
 F = Experience gained in this place divided by the number of levels of this place that you have seen.
                   A       B       C       D       E      F
               +-------+-------+-------+-------+-------+----------------------
         Total | 100.0 | 100.0 |   N/A |   N/A | 100.0 | 103.3
       Dungeon | 100.0 | 100.0 |   N/A |   N/A | 100.0 | 103.3
               +-------+-------+-------+-------+-------+----------------------

Table legend: (Time is in decaauts)
 A = Elapsed time spent in this place.
 B = Non-inter-level travel time spent in this place.
 C = Inter-level travel time spent in this place.
 D = Time resting spent in this place.
 E = Time spent auto-exploring this place.
 F = Levels seen in this place.
 G = Mean time per level.
                   A        B        C        D        E       F      G
               +--------+--------+--------+--------+--------+-----+--------+
         Total |   2183 |   2126 |     57 |    100 |   1561 |   3 |  727.7 |
       Dungeon |   2183 |   2126 |     57 |    100 |   1561 |   3 |  727.7 |
               +--------+--------+--------+--------+--------+-----+--------+

Top non-repeatable levels by time:
     D:2: 924 daAuts
     D:1: 894 daAuts
     D:3: 363 daAuts
